Map: Estaleiro Orbital

Players

Erik

  • Race: Zerg Zerg
  • League: Grandmaster

Light (SpeCial) - Winner!

  • Race: Terran Terran
  • League: Master

Event: Copa America 2016 Season 1

VOD

Have the link to the VOD?

Description

Time

  • Played on: Feb. 17, 2016, 5:37 p.m.
  • Length: 8:41

All games in this series

Show
View Real Time Build Order
Export as new Build Order

Erik Zerg 

Build Orders: Pool First 

Get SALT Encoding   

  12  0:01  Drone  
  13  0:13  Overlord  
  13  0:18  Drone  
  14  0:31  Drone x2  
  16  0:41  Spawning Pool  
  15  0:44  Drone  
  15  0:48  Drone  
  17  1:11  Hatchery  
  16  1:17  Extractor  
  15  1:28  Zergling x6  
  15  1:30  Queen  
  20  1:40  Overlord  
  20  1:52  Drone  
  22  2:01  Drone  
  22  2:05  Roach Warren  
  21  2:10  Queen  
  23  2:18  Overlord  
  23  2:43  Drone  
  23  2:44  Drone  
  25  2:45  Roach x2  
  25  2:46  Roach  
  30  2:52  Roach  
  30  2:57  Drone  
  33  3:02  Drone x2  
  35  3:09  Drone x2  
  37  3:15  Zergling x4  
  38  3:23  Drone  
  38  3:25  Ravager x2  
  41  3:29  Overlord  
  41  3:35  Drone x2  
  41  3:41  Overlord  
  43  3:49  Ravager  
  43  3:50  Drone  
  43  3:51  Drone x4  
  49  4:06  Overlord  
  49  4:07  Drone x2  
  49  4:09  Drone  
  53  4:10  Drone x2  
  53  4:16  Drone  
  55  4:21  Lair  
  55  4:28  Drone x2  
  57  4:32  Extractor  
  57  4:33  Extractor  
  57  4:35  Extractor  
  53  4:44  Overlord  
  53  4:45  Extractor  
  52  4:52  Drone x2  
  54  4:53  Drone x2  
  54  4:54  Drone  
  54  4:55  Drone x2  
  54  4:57  Overlord  
  59  5:01  Drone  
  59  5:02  Drone x2  
  59  5:05  Overlord  
  61  5:10  Pneumatized Carapace  
  61  5:27  Spire  
  60  5:33  Hatchery  
  56  5:37  Ravager  
  56  5:38  Overlord  
  56  5:40  Glial Reconstitution  
  55  5:52  Overlord  
  55  5:53  Drone x2  
  55  5:54  Drone  
  58  6:10  Overlord  
  58  6:17  Zergling x6  
  58  6:18  Zergling x4  
  63  6:38  Mutalisk x2  
  63  6:39  Mutalisk x4  
  75  6:42  Roach  
  75  6:43  Roach x2  
  75  6:46  Queen  
  83  6:48  Evolution Chamber  
  83  6:49  Drone, Evolution Chamber  
  83  6:50  Drone x2  
  83  6:51  Roach x4  
  83  6:52  Roach  
  94  6:56  Roach x2  
  98  7:05  Roach  
  98  7:15  Roach x5  
  94  7:16  Roach  
  94  7:22  Roach x3  
  102  7:23  Roach x2  
  98  7:32  Roach x2  
  98  7:36  Roach  
  98  7:37  Roach  
  90  7:43  Roach x2  
  82  7:50  Roach  
  82  7:51  Roach  
  60  7:59  Roach x2  
  54  8:07  Roach x2  
  54  8:08  Roach  
  57  8:13  Roach  
  57  8:17  Roach  
  57  8:18  Roach  
Show
View Real Time Build Order
Export as new Build Order

Light Terran - Winner!

Build Orders: Reaper Expand, MMM Bio 

Get SALT Encoding   

  12  0:01  SCV  
  13  0:13  SCV  
  14  0:17  Supply Depot  
  14  0:25  SCV  
  15  0:39  SCV  
  15  0:41  Barracks  
  16  0:43  Refinery  
  16  0:51  SCV  
  17  1:03  SCV  
  18  1:15  SCV  
  19  1:28  Reaper, Orbital Command  
  20  1:39  Command Center  
  20  1:52  Supply Depot  
  20  1:54  SCV  
  20  2:00  Marine  
  22  2:05  Factory  
  22  2:08  SCV  
  23  2:14  Refinery  
  23  2:20  SCV  
  24  2:24  Barracks Reactor  
  24  2:25  Marine  
  25  2:32  SCV  
  26  2:38  Bunker  
  26  2:42  Marine  
  26  2:44  SCV  
  29  2:55  Orbital Command  
  29  2:56  SCV  
  28  2:59  Starport  
  28  3:02  Marine  
  28  3:05  Factory Tech Lab  
  29  3:09  SCV  
  30  3:21  SCV x2  
  30  3:23  Siege Tank  
  30  3:25  Marine  
  36  3:33  SCV x2  
  38  3:34  Supply Depot  
  38  3:44  Marine  
  38  3:46  Medivac  
  41  3:49  SCV x2  
  43  3:58  Supply Depot  
  43  4:02  Marine  
  44  4:07  Siege Tank  
  46  4:14  Supply Depot  
  46  4:15  SCV x2  
  48  4:21  Viking  
  50  4:30  SCV x2, Barracks  
  52  4:31  Barracks  
  52  4:34  Barracks Tech Lab  
  52  4:42  SCV  
  52  4:43  SCV  
  53  4:48  Refinery  
  53  4:51  Engineering Bay  
  53  4:53  Marine  
  53  4:54  Starport Reactor, Stimpack  
  54  5:00  SCV, Barracks  
  54  5:01  SCV  
  54  5:02  Barracks  
  56  5:11  Marine  
  56  5:13  SCV  
  58  5:15  SCV  
  58  5:18  Supply Depot, Terran Infantry Weapons Level 1  
  58  5:21  Barracks Reactor  
  59  5:25  SCV  
  60  5:28  Supply Depot  
  60  5:29  Marine  
  60  5:31  Supply Depot  
  60  5:34  SCV  
  61  5:37  SCV  
  62  5:46  Marine x3  
  62  5:48  Medivac  
  62  5:49  Siege Tank  
  70  5:50  SCV x2  
  70  5:52  Supply Depot  
  70  5:54  Marine x2  
  74  5:57  Supply Depot  
  74  6:02  Marine x2  
  76  6:04  Marine x3  
  79  6:11  Refinery, Marine x2  
  81  6:19  Medivac  
  81  6:20  Marine x2  
  81  6:21  Siege Tank  
  81  6:22  Marine x3  
  91  6:29  Marine x2  
  90  6:38  Marine x2  
  90  6:39  Marine  
  92  6:40  Marine x2  
  95  6:47  Marine x2  
  95  6:48  Supply Depot  
  95  6:49  Supply Depot  
  95  6:53  Siege Tank  
  100  6:54  Combat Shields  
  100  6:56  Marine x2  
  100  6:58  Missile Turret  
  100  6:59  Missile Turret  
  102  7:07  Marine  
  102  7:08  Marine  
  101  7:09  Marine  
  101  7:10  Marine  
  101  7:13  Marine  
  101  7:14  Marine x2  
  106  7:17  Command Center  
  102  7:25  Marine  
  102  7:26  Marine  
  102  7:27  Marine x2  
  106  7:31  Marine x2  
  106  7:32  Siege Tank, Marine  
  106  7:36  Medivac  
  112  7:43  Marine  
  112  7:44  Marine  
  107  7:45  Marine  
  107  7:46  Marine  
  107  7:48  Marine  
  107  7:49  Marine  
  107  7:51  Marine  
  108  7:55  Supply Depot  
  107  8:01  Marine x2  
  107  8:02  Supply Depot  
  107  8:03  Marine x2  
  107  8:04  Siege Tank  
  114  8:06  Marine  
  114  8:07  Marine  
  114  8:08  Marine  
  117  8:17  Supply Depot  
  117  8:19  Marine x2  
  119  8:28  Supply Depot  
Tags
 
Add a new tag
Caveats
  • Supply blocks, unpowered buildings, or Contaminate may cause inaccurate times.
  • Supply counts are checked every 10 seconds.